 Dungeon Crawl Stone Soup version 0.28-a0-1159-g27aa881441 (webtiles) character file.

Game seed: 18233657258122081056

443 lonewolfV2 the Sneak (level 7, -16/43 HPs)
             Began as an Octopode Transmuter on Dec 15, 2021.
             Demolished by an ogre (26 damage)
             ... on level 4 of the Dungeon.
             The game lasted 00:10:52 (5865 turns).

lonewolfV2 the Sneak (Octopode Transmuter)          Turns: 5865, Time: 00:10:53

Health: -16/43     AC:  5    Str:  9    XL:     7   Next: 2%
Magic:  5/11       EV: 14    Int: 15    God:
Gold:   144        SH:  0    Dex: 15    Spells: 4/11 levels left

rFire   . . .      SeeInvis .   g - +3 short sword (venom)
rCold   . . .      Faith    .   (no shield)
rNeg    . . .      Spirit   .   (helmet currently unavailable)
rPois   .          Reflect  .   (no amulet)
rElec   .          Harm     .   a - +4 ring of protection
rCorr   .          Rampage  .   (no ring)
Will    .....                   (no ring)
Stlth   ++++......              (no ring)
HPRegen 0.14/turn               (no ring)
MPRegen 0.12/turn               (no ring)
                                (no ring)
                                (no ring)

@: appendages, very slightly contaminated
A: tentacle spike 3, almost no armour, amphibious, 8 rings, camouflage 1,
gelatinous body 1, (nimble swimmer 1), tentacles
a: End Transformation


You were on level 4 of the Dungeon.
One of your tentacles had grown a beastly spike.
You visited 1 branch of the dungeon, and saw 4 of its levels.
You also visited: Sewer.

You collected 144 gold pieces.

Inventory:

Hand Weapons
 b - a +2 vampiric falchion
 g - a +3 short sword of venom (weapon)
Jewellery
 a - a +4 ring of protection (left tentacle)
Wands
 c - a wand of acid (5) (quivered)
Scrolls
 d - a scroll of magic mapping
Potions
 i - a potion of brilliance
 j - 2 potions of degeneration


   Skills:
 + Level 1.2 Fighting
 + Level 0.5 Short Blades
 + Level 3.4 Dodging
 + Level 4.9 Stealth
 + Level 4.8 Unarmed Combat
 + Level 2.8 Spellcasting
 + Level 3.0 Transmutations


You had 4 spell levels left.
You knew the following spells:

 Your Spells              Type           Power      Damage    Failure   Level
a - Beastly Appendage     Tmut           22%        N/A       6%          1
b - Spider Form           Tmut/Pois      6%         N/A       32%         3
c - Ozocubu's Armour      Ice            2%         N/A       52%         3

Your spell library contained the following spells:

 Spells                   Type           Power      Damage    Failure   Level
 Wereblood                Tmut           11%        N/A       9%          2
 Pain                     Necr           8%         1d4       21%         1
 Ice Form                 Ice/Tmut       6%         N/A       73%         4
 Agony                    Necr           2%         N/A       99%         5
 Excruciating Wounds      Necr           1%         N/A       99%         5
 Metabolic Englaciation   Hex/Ice        1%         N/A       99%         5
 Simulacrum               Ice/Necr       1%         N/A       100%        6


Dungeon Overview and Level Annotations

Branches:
Dungeon (4/15)             Temple (0/1) D:4           Sewer (visited)

Altars:
Cheibriados

Annotations:
D:2 1 runed translucent door, Crazy Yiuf
D:4 Ijyb


Innate Abilities, Weirdness & Mutations

One of your tentacles has grown a beastly spike.
You cannot wear most types of armour.
You are amphibious.
You can wear up to eight rings at the same time.
Your skin changes colour to match your surroundings (Stealth+).
Your rubbery body absorbs attacks. (AC +1, EV +1)
((You are camouflaged near water. (Stealth+)))
You have tentacles for arms and can constrict up to eight enemies at once.


Message History

One of your tentacles grows a vicious spike.
The goblin shouts!
You hear a shout! x2
Ijyb the Twisted Goblin comes into view.
She is wielding a +0 dagger and carrying a wand of iceblast (12).
A hobgoblin comes into view.
The goblin barely misses you.
You closely miss the goblin.
The hobgoblin shouts!
Your grab misses the goblin.
Your tentacle spike misses the goblin.
You tentacle-slap the goblin.
You kill the goblin!
The dart slug launches a dart at you. The slug dart hits you.
Casting: Beastly Appendage (safe; 6% risk of failure)
Confirm with . or Enter, or press ? or * to list all spells.
The spell is quite dangerous to miscast (52% risk of failure)!
Continue anyway?
You miscast Ozocubu's Armour.
You are very lightly contaminated with residual magic.
Nothing appears to happen.
Casting: Ozocubu's Armour (quite dangerous; 52% risk of failure)
Confirm with . or Enter, or press ? or * to list all spells.
You don't know that spell.
Casting: Ozocubu's Armour (quite dangerous; 52% risk of failure)
Confirm with . or Enter, or press ? or * to list all spells.
The spell is quite dangerous to miscast (52% risk of failure)!
Continue anyway?
You miscast Ozocubu's Armour.
Nothing appears to happen.
You hit the ogre.
Your tentacle spike misses the ogre.
Your squeeze misses the ogre.
The ogre is lightly wounded.
The ogre hits you with a +0 giant club!
You hit the ogre.
The ogre is poisoned.
You pierce the ogre.
The ogre is moderately wounded.
Ijyb barely misses you. The dart slug bites you.
The ogre hits you with a +0 giant club!
* * * LOW HITPOINT WARNING * * *
You hit the ogre. You squeeze the ogre!
The ogre is severely wounded.
Ijyb misses you. The dart slug barely misses you.
The ogre hits you with a +0 giant club!!
Ouch! That really hurt!
You die...

## ###.........
...#.....###.#.........
........................
...............(........
........................
........................
#.........# #..gOw....#
..........# #...@g.#
..8⌠......# #....###
#.........####...##
#.8⌠.>.....#.#....####
#....................#
#.8⌠.)....>...#.......#
#....................##
#....#..............##
.....#...........####


You could see an ogre (very poisoned), Ijyb, a dart slug and a hobgoblin.

Vanquished Creatures
  2 bullfrogs (Sewer)
  A centaur zombie (D:3)
  2 orc wizards (D:4)
  A mummy (D:3)
  8 adders
  4 worms (D:2)
  A dart slug (D:3)
  2 orcs (D:4)
  16 endoplasms
  13 giant cockroaches
  6 hobgoblins
  3 jackals (D:2)
  4 kobolds
  12 quokkas
  14 ball pythons
  4 bats
  17 frilled lizards
  14 goblins
  A rat (D:3)
125 creatures vanquished.

Vanquished Creatures (collateral kills)
  A ball python (Sewer)
  A giant cockroach (Sewer)
  A quokka (Sewer)
3 creatures vanquished.

Grand Total: 128 creatures vanquished

Notes
Turn   | Place    | Note
-------+----------+-------------------------------------------
     0 | D:1      | lonewolfV2 the Octopode Transmuter began the quest for the
                  | Orb.
     0 | D:1      | Reached XP level 1. HP: 13/13 MP: 3/3
   403 | D:1      | Reached XP level 2. HP: 12/18 MP: 3/5
  1092 | D:1      | Reached skill level 1 in Stealth
  1296 | D:2      | Reached XP level 3. HP: 23/23 MP: 6/6
  1698 | D:2      | Learned a level 3 spell: Spider Form
  1850 | D:2      | Reached XP level 4. HP: 28/28 MP: 5/7
  1936 | D:2      | Found a runed translucent door.
  1937 | D:2      | Noticed Crazy Yiuf
  2635 | D:3      | Found a glowing drain.
  2671 | Sewer    | Entered a sewer
  3298 | Sewer    | Reached XP level 5. HP: 14/33 MP: 8/8
  3897 | Sewer    | Reached XP level 6. HP: 4/38 MP: 8/10
  4492 | D:3      | Found a faded altar of an unknown god.
  4873 | D:3      | Found a snail-covered altar of Cheibriados.
  5717 | D:4      | Learned a level 3 spell: Ozocubu's Armour
  5723 | D:4      | Reached XP level 7. HP: 41/43 MP: 4/11
  5781 | D:4      | Found a staircase to the Ecumenical Temple.
  5857 | D:4      | Noticed Ijyb
  5865 | D:4      | Demolished by an ogre

Illustrated notes

Levels and vault maps discovered:
D:1:      nagdon_arrival_double_spiral, layout_loops_cross, minmay_heptomino_l4
D:2:      layout_loops_ring, grunt_ministairs_5, uniq_crazy_yiuf_cottage
D:3:      layout_loops_ring, chei_slow_surprise,
          dreamdust_ecumenical_altar_angels_and_demons, gup_sewer_entry_pipe
D:4:      layout_cave_pools, nzn_wu_jian_council_hall,
          minmay_temple_entry_drinking_statues, uniq_ijyb

Skill      XL: |  1  2  3  4  5  6 |
---------------+-------------------+-----
Stealth        | 1 2 3 4 |  4.9
Unarmed Combat | 4 |  4.8
Transmutations | 3 |  3.0
Dodging        | 3 |  3.4
Fighting       | |  1.2
Short Blades   | |  0.5
Spellcasting   | |  2.8

Action                   |  1- 3 |  4- 6 |  7- 9 || total
-------------------------+-------+-------+-------++-------
Melee: Unarmed           |    76 |   130 |       ||   206
       Kick              |    23 |    26 |     2 ||    51
       Constrict         |    19 |    43 |     2 ||    64
       Tentacles         |     7 |    29 |     3 ||    39
       Punch             |     6 |     4 |     1 ||    11
       Short sword       |       |    42 |     7 ||    49
 Cast: Beastly Appendage |    19 |    17 |     2 ||    38
       Ozocubu's Armour  |       |     1 |       ||     1
       Spider Form       |       |     1 |       ||     1
  Use: Scroll            |     3 |     6 |       ||     9
       Potion            |       |     3 |       ||     3
 Stab: Sleeping          |     9 |    13 |       ||    22
Armor: Skin              |    21 |    80 |       ||   101
Dodge: Dodged            |    46 |   151 |     6 ||   203

Table legend: (Time is in decaauts)
 A = Elapsed time spent in this place.
 B = Non-inter-level travel time spent in this place.
 C = Inter-level travel time spent in this place.
 D = Time resting spent in this place.
 E = Time spent auto-exploring this place.
 F = Levels seen in this place.
 G = Mean time per level.
                   A        B        C        D        E       F      G
               +--------+--------+--------+--------+--------+-----+--------+
         Total |   5852 |   5714 |    138 |   2159 |   2271 |   5 | 1170.4 |
       Dungeon |   4213 |   4075 |    138 |   1023 |   2157 |   4 | 1053.2 |
         Sewer |   1638 |   1638 |      0 |   1136 |    114 |   1 | 1638.0 |
               +--------+--------+--------+--------+--------+-----+--------+

Top non-repeatable levels by time:
   Sewer: 1638 daAuts
     D:2: 1321 daAuts
     D:1: 1263 daAuts
     D:3: 1076 daAuts
     D:4: 552 daAuts
